 Dungeon Sprint DCSS version 0.27-a0-1139-g28e009f8a6 (webtiles) character file.

Game seed: 3892294150881542721

239 Zeld the Skirmisher (level 6, -1/70 HPs)
             Began as an Octopode Berserker on May 7, 2021.
             Was a Believer of Trog.
             Slain by an ironbound frostheart (34 damage)
             ... in the Dungeon (Sprint V: "Ziggurat Sprint").
             The game lasted 00:01:26 (655 turns).

Zeld the Skirmisher (Octopode Berserker)             Turns: 655, Time: 00:01:26

Health: -1/70      AC:  1    Str: 30    XL:     6   Next: 7%
Magic:  7/7        EV: 11    Int: 10    God:    Trog [**....]
Gold:   0          SH: 21    Dex: 23    Spells: 5/5 levels left

rFire    . . .     SeeInvis .   h - +5 broad axe
rCold    . . .     Faith    .   g - +3 tower shield
rNeg     . . .     Spirit   .   (helmet restricted)
rPois    .         Reflect  .   (no amulet)
rElec    .         Harm     .   l - +6 ring of dexterity
rCorr    .         Rampage  .   p - +6 ring of strength
Will     +....     NoTele   +   k - +6 ring of dexterity
Stlth    ..........             o - +6 ring of strength
HPRegen  0.21/turn              n - ring of willpower
MPRegen  0.10/turn              (no ring)
                                (no ring)
                                (no ring)

@: berserking, very quick
A: almost no armour, amphibious, 8 rings, camouflage 1, gelatinous body 1,
(nimble swimmer 1), tentacles
a: Renounce Religion, Berserk, Trog's Hand


You were in the Dungeon.
You worshipped Trog.
Trog was pleased with you.
You visited 1 branch

Inventory:

Hand Weapons
 h - a +5 broad axe (weapon)
Armour
 g - a +3 tower shield (worn)
Jewellery
 k - a +6 ring of dexterity (on tentacle)
 l - a +6 ring of dexterity (left tentacle)
 n - a ring of willpower (on tentacle)
 o - a +6 ring of strength (on tentacle)
 p - a +6 ring of strength (right tentacle)
Wands
 q - a wand of mindburst (7)
 r - a wand of iceblast (7)
 s - a wand of acid (7)
Scrolls
 f - 4 scrolls of blinking
 u - 7 scrolls of fog
 v - a scroll of holy word
 w - 5 scrolls of identify
 x - 2 scrolls of fear
Potions
 a - 10 potions of curing
 b - 10 potions of heal wounds
 c - 6 potions of haste
 d - 7 potions of magic
 e - 3 potions of berserk rage
 j - 2 potions of invisibility
 m - 4 potions of resistance
 t - 5 potions of might
Miscellaneous
 i - a lightning rod (4/4)
 y - a lightning rod (4/4)


   Skills:
 * Level 6.9 Fighting
 - Level 1.8(2.1) Short Blades
 - Level 1.2(1.7) Long Blades
 * Level 6.0(6.2) Axes
 - Level 1.2(4.1) Maces & Flails
 - Level 1.2(4.1) Polearms
 - Level 1.5(2.0) Staves
 - Level 1.2(1.6) Slings
 - Level 1.6 Bows
 - Level 1.2 Crossbows
 - Level 1.5(1.8) Throwing
 - Level 3.5 Dodging
 - Level 1.9 Stealth
 * Level 6.1 Shields
 - Level 3.7 Unarmed Combat
 - Level 1.3 Invocations
 - Level 1.3 Evocations


You had 5 spell levels left.
You didn't know any spells.
Your spell library was empty.

Dungeon Overview and Level Annotations

Branches:
Dungeon (1/1)

Altars:
Ashenzari
Cheibriados
Dithmenos
Elyvilon
Fedhas
Gozag
Hepliaklqana
Kikubaaqudgha
Makhleb
Nemelex Xobeh
Okawaru
Qazlal
Ru
Sif Muna
Trog
Uskayaw
Vehumet
Wu Jian
Xom
Yredelemnul
Zin
The Shining One
Beogh
Jiyva
Lugonu

Annotations:
D 1 transporter


Innate Abilities, Weirdness & Mutations

You cannot wear most types of armour.
You are amphibious.
You can wear up to eight rings at the same time.
Your skin changes colour to match your surroundings (Stealth+).
Your rubbery body absorbs attacks. (AC +1, EV +1)
((You are camouflaged near water. (Stealth+)))
You have tentacles for arms and can constrict up to eight enemies at once.


Message History

You start resting.
You recover from your berserk rage.
You see here a lightning rod (4/4).
You start resting.
There is a transporter here.
y - a lightning rod (4/4)
z - an amulet of faith
Okay, then.
Drop what? 26/52 slots (_ for help) (? for menu, Esc to quit)
Drop what? 26/52 slots (_ for help) (? for menu, Esc to quit)
Huh?
Drop what? 26/52 slots (_ for help) (? for menu, Esc to quit)
Huh?
Drop what? 26/52 slots (_ for help) (? for menu, Esc to quit)
Okay, then.
Drop what? 26/52 slots (_ for help) (? for menu, Esc to quit)
Autopickup disabled for amulets of faith.
You drop an amulet of faith.
You start resting.
HP restored.
You start waiting.
You start waiting.
There is a transporter here.
Welcome to arena 3.
You enter the transporter and appear at another place.
A slime creature and an ironbound frostheart come into view.
Found four items.
Found a transporter.
Unknown command.
A red film seems to cover your vision as you go berserk!
You feel yourself moving faster!
You feel mighty!
The ironbound frostheart shouts!
The slime creature quivers.
You feel a strong urge to attack something.
Unknown command.
The slime creature hits you!!
You slash the slime creature! You squeeze the slime creature!
The slime creature is moderately wounded.
You hit the ironbound frostheart. The ironbound frostheart touches you!!
The ironbound frostheart freezes you!!
You die...

▓▓▓▓▓▓▓▓▓▓▓▓▓▓▓▓▓▓▓
▓.8©8.▓.8©8.▓.8©8.▓
▓.|=).▓.".:.▓.....▓
▓..=..▓.....▓...:.▓
▓..Jp.▓.....▓...÷.▓
▓..@..▓..†..▓.....▓
▓.....▓.....▓..©..▓
▓..©..▓..©..▓▓▓▓▓▓▓
▓▓▓▓▓▓▓▓▓▓▓▓▓


You could see a slime creature and an ironbound frostheart.

Vanquished Creatures
  2 hell hounds (D)
  2 adders (D)
  A white imp (D)
5 creatures vanquished.

Notes
Turn   | Place    | Note
-------+----------+-------------------------------------------
     0 | D        | Zeld the Octopode Berserker began the quest for the Orb.
     0 | D        | Reached XP level 1. HP: 16/16 MP: 1/1
     2 | D        | Found a blossoming altar of Fedhas.
     3 | D        | Found the +6 Majin-Bo {vamp, MP+6 Int+6}
     3 | D        | Found the +9 heavy crossbow "Sniper" {vorpal, Acc+∞ SInv}
     3 | D        | Found the +10 dark maul {vorpal}
     3 | D        | Found the +15 Maxwell's patent armour {-Cast -Tele rElec
                  | Will+ rCorr}
     3 | D        | Found the +18 shield of the Gong {rElec rN+ Will+ EV-5}
     3 | D        | Found the +14 obsidian axe {vorpal, Drain Fly SInv}
     3 | D        | Found the +7 great mace "Firestarter" {inner flame, rF++}
     3 | D        | Found the +6 shillelagh "Devastator" {shatter}
     3 | D        | Found the +11 plutonium sword {Contam Stlth-}
     3 | D        | Found the +8 lance "Wyrmbane" {slay drac, rPois rF+ rC+
                  | AC+3}
     3 | D        | Found the +9 sword of Zonguldrok {reap}
     3 | D        | Found the +13 scythe of Curses {drain, Drain}
     3 | D        | Found the +5 sword of Power {vorpal}
     3 | D        | Found the +7 mace of Variability {chain chaos}
     3 | D        | Found the +7 Singing Sword {vorpal, sonic wave}
     3 | D        | Found the +8 storm bow {elec, penet}
     4 | D        | Found a viscous altar of Jiyva.
     4 | D        | Found a hazy altar of Hepliaklqana.
     4 | D        | Found a transporter.
     4 | D        | Found an opulent altar of Gozag.
     4 | D        | Found an ancient bone altar of Kikubaaqudgha.
     4 | D        | Found a corrupted altar of Lugonu.
     9 | D        | Found a burning altar of Makhleb.
    10 | D        | Found a stormy altar of Qazlal.
    10 | D        | Found a sacrificial altar of Ru.
    10 | D        | Found an iron altar of Okawaru.
    10 | D        | Found a shimmering blue altar of Sif Muna.
    10 | D        | Found a sparkling altar of Nemelex Xobeh.
    10 | D        | Found a bloodstained altar of Trog.
   138 | D        | Reached skill level 1 in Short Blades
   138 | D        | Reached skill level 1 in Long Blades
   138 | D        | Reached skill level 1 in Axes
   138 | D        | Reached skill level 1 in Maces & Flails
   138 | D        | Reached skill level 1 in Polearms
   138 | D        | Reached skill level 1 in Staves
   138 | D        | Reached skill level 1 in Slings
   138 | D        | Reached skill level 1 in Bows
   138 | D        | Reached skill level 1 in Crossbows
   138 | D        | Reached skill level 1 in Throwing
   138 | D        | Reached skill level 1 in Stealth
   138 | D        | Reached skill level 1 in Shields
   138 | D        | Reached skill level 1 in Invocations
   138 | D        | Reached skill level 1 in Evocations
   138 | D        | Reached XP level 2. HP: 21/21 MP: 1/3
   194 | D        | Entered arena 2.
   194 | D        | Found a transporter.
   200 | D        | Reached XP level 3. HP: 27/27 MP: 4/4
   447 | D        | Entered arena 3.
   447 | D        | Noticed a hell hound
   447 | D        | Noticed a hell hound
   447 | D        | Found a transporter.
   452 | D        | Killed a hell hound
   452 | D        | Reached ** piety under Trog
   453 | D        | Reached skill level 5 in Fighting
   453 | D        | Reached XP level 4. HP: 33/36 MP: 5/5
   453 | D        | Reached XP level 5. HP: 37/41 MP: 6/6
   453 | D        | Killed a hell hound
   454 | D        | Reached skill level 5 in Axes
   454 | D        | Reached XP level 6. HP: 43/47 MP: 7/7
   651 | D        | Entered arena 4.
   651 | D        | Noticed an ironbound frostheart
   651 | D        | Noticed a slime creature
   651 | D        | Found a transporter.
   655 | D        | Slain by an ironbound frostheart

Illustrated notes

Levels and vault maps discovered:
D:        sprint_v [room_start, room_1, room_2, room_3, room_4, room_5, room_6,
          room_7, room_8, room_9, room_10, room_11, room_12, room_13, room_14,
          room_15, room_16, room_17, room_18, room_19, room_20, room_21,
          room_22, room_23, room_24, room_25, room_26, room_27]

Skill      XL: |  1  2  3  4  5  6 |
---------------+-------------------+-----
Short Blades   | 1 |  1.8
Long Blades    | 1 |  1.2
Axes           | 1 2 4 5 6 |  6.0
Maces & Flails | 1 |  1.2
Polearms       | 1 |  1.2
Staves         | 1 |  1.5
Slings         | 1 |  1.2
Bows           | 1 |  1.6
Crossbows      | 1 |  1.2
Throwing       | 1 |  1.5
Stealth        | 1 |  1.9
Shields        | 1 2 4 6 |  6.1
Invocations    | 1 |  1.3
Evocations     | 1 |  1.3
Fighting       | 5 6 |  6.9
Dodging        | |  3.5
Unarmed Combat | |  3.7

Action                   |  1- 3 |  4- 6 || total
-------------------------+-------+-------++-------
Melee: Broad axe         |     6 |     3 ||     9
       Constrict         |     4 |       ||     4
       Tentacles         |     1 |     2 ||     3
Invok: Berserk           |     2 |     1 ||     3
  Use: Potion            |     1 |       ||     1
Armor: Skin              |     3 |       ||     3
Dodge: Dodged            |     3 |       ||     3
Block: Tower shield      |    10 |     1 ||    11

Table legend: (Time is in decaauts)
 A = Elapsed time spent in this place.
 B = Non-inter-level travel time spent in this place.
 C = Inter-level travel time spent in this place.
 D = Time resting spent in this place.
 E = Time spent auto-exploring this place.
 F = Levels seen in this place.
 G = Mean time per level.
                   A        B        C        D        E       F      G
               +--------+--------+--------+--------+--------+-----+--------+
         Total |    676 |    676 |      0 |    575 |      0 |   1 |  676.0 |
       Dungeon |    676 |    676 |      0 |    575 |      0 |   1 |  676.0 |
               +--------+--------+--------+--------+--------+-----+--------+

Top non-repeatable levels by time:
       D: 676 daAuts
